AoeStats
← HIX | Leo Mattioli

Arabia

508107697Analyzed
1v1 RM · 12d ago on Sep 20, 2026· 35m 28s· 2 players
Game mode
Random Map
Map size
Tiny (2 player)
Population
200
Speed
Normal
Resources
Standard
Victory
Conquest
Starting age
Dark Age
Ending age
Imperial Age
RankedLock teamsTeams togetherTeam positionsShared explorationLock speedFull tech treeHidden civsTurbo modeCheats
Victory
Defeat
🇦🇷 Britons · Argentina
1430
+16
🇨🇴 Spanish · Colombia
1425
-16
[Tunjos]Lord_Antic
6:35 Loom
6:40 Loom
9:20 Feudal Age
19:41 Castle Age
18:38 Fletching
25:23 Bodkin Arrow
26:47 Padded Archer Armor
27:48 Leather Archer Armor
HIX | Leo Mattioli
5:55 Loom
8:54 Feudal Age
9:25 Double-Bit Axe
14:38 Fletching
19:39 Castle Age
18:09 Padded Archer Armor
19:57 Gold Mining
19:45 Crossbowman
20:28 Bodkin Arrow
23:26 Bow Saw
26:16 Wheelbarrow
31:12 Hand Cart
30:48 Town Watch
31:36 Ballistics
34:51 Elite Skirmisher
Connection lost

Rejoining the realm…

Still unreachable

The connection could not be restored.

Session expired

The server has moved on; the page needs a fresh start.